 Dungeon Crawl Stone Soup version 0.30-a0-620-g0e44632947 (console) character file.

Game seed: 16708001888938170800

2 Ignak the Ogre Mage (level 1, 0/16 HPs)
             Began as an Ogre Hedge Wizard on Jan 10, 2023.
             Slain by a jackal (2 damage)
             ... on level 1 of the Dungeon.
             The game lasted 00:00:14 (70 turns).

Ignak the Ogre Mage (Ogre Hedge Wizard)               Turns: 70, Time: 00:00:15

Health: 0/16       AC:  3    Str: 13    XL:     1   Next: 40%
Magic:  0/5        EV:  9    Int: 15    God:
Gold:   27         SH:  0    Dex:  8    Spells: 6/7 levels left

rFire   . . .      SeeInvis .    a - +0 dagger
rCold   . . .      Faith    .    (no shield)
rNeg    . . .      Spirit   .    b - +0 robe
rPois   .          Reflect  .    c - +0 hat
rElec   .          Harm     .    (no cloak)
rCorr   .          Rampage  .    (gloves unavailable)
Will    .....                    (boots unavailable)
Stlth   +                        (no amulet)
HPRegen 0.22/turn                (no ring)
MPRegen 0.09/turn                (no ring)

@: no status effects
A: large, unfitting armour, tough skin 1
a: no special abilities


You were on level 1 of the Dungeon.
You visited 1 branch of the dungeon, and saw 1 of its levels.

You collected 27 gold pieces.

Inventory:

Hand Weapons
 a - a +0 dagger (weapon)
Armour
 b - a +0 robe (worn)
 c - a +0 hat (worn)
Potions
 d - a potion of magic
 e - a potion of invisibility {unknown}
 f - a potion of mutation {unknown}


   Skills:
 + Level 1.8 Dodging
 + Level 1.4 Stealth
 + Level 3.6 Spellcasting
 + Level 0.9 Conjurations
 + Level 1.0 Summonings
 + Level 0.9 Translocations


You had 6 spell levels left.
You knew the following spells:

 Your Spells              Type           Power      Damage    Failure   Level
a - Magic Dart            Conj           20%        1d4       13%         1

Your spell library contained the following spells:

 Spells                   Type           Power      Damage    Failure   Level
 Slow                     Hex            8%         N/A       19%         1
 Blink                    Tloc           10%        N/A       19%         2
 Call Imp                 Summ           5%         N/A       19%         2
 Cigotuvi's Dreadful Rot  Necr/Pois/Air  4%         N/A       28%         2
 Mephitic Cloud           Conj/Pois/Air  3%         N/A       45%         3


Dungeon Overview and Level Annotations

Branches:
Dungeon (1/15)

Altars:


Innate Abilities, Weirdness & Mutations

You are too large for most types of armour.
You have tough skin. (AC +1)


Message History

Confirm with . or Enter, or press ? or * to list all spells.
Aiming: Magic Dart (safe; 13% risk of failure)
Press: ? - help, Shift-Dir - straight line, f/p - jackal
Aim: a jackal (moderately wounded, 100% to hit)
The magic dart hits the jackal but does no damage.
The jackal is moderately wounded.
The jackal barely misses you. The jackal bites you.
Casting: Magic Dart (safe; 13% risk of failure)
Confirm with . or Enter, or press ? or * to list all spells.
Aiming: Magic Dart (safe; 13% risk of failure)
Press: ? - help, Shift-Dir - straight line, f/p - jackal
Aim: a jackal (moderately wounded, 100% to hit)
The magic dart hits the jackal.
The jackal is severely wounded.
The jackal bites you.
* * * LOW HITPOINT WARNING * * *
Casting: Magic Dart (safe; 13% risk of failure)
Confirm with . or Enter, or press ? or * to list all spells.
Aiming: Magic Dart (safe; 13% risk of failure)
Press: ? - help, Shift-Dir - straight line, f/p - jackal
Aim: a jackal (severely wounded, 100% to hit)
The magic dart hits the jackal.
The jackal is almost dead.
The jackal bites you but does no damage.
Casting: Magic Dart (safe; 13% risk of failure)
Confirm with . or Enter, or press ? or * to list all spells.
You don't have enough magic to cast this spell.
Unknown command.
You miss the jackal.
The jackal is almost dead.
The jackal bites you.
* * * LOW HITPOINT WARNING * * *
The jackal bites you.
* * * LOW HITPOINT WARNING * * *
You hit the jackal.
You kill the jackal!
Your Summonings skill increases to level 1!
You closely miss the jackal. The jackal barely misses you.
The jackal bites you.
You die...

#.# ..# #.## ###..#
....# ####..##
#......#
#......#######
#........h@..#
#......#(###.#
#......#.....###
###########....####
#†.......
#####.##..###
#.....# #..#
###.##### #..#
#....# #..


You could see a jackal.

Vanquished Creatures
  A giant cockroach (D:1)
  A jackal (D:1)
2 creatures vanquished.

Notes
Turn   | Place    | Note
-------+----------+-------------------------------------------
     0 | D:1      | Ignak the Ogre Hedge Wizard began the quest for the Orb.
     0 | D:1      | Reached XP level 1. HP: 16/16 MP: 5/5
    70 | D:1      | Reached skill level 1 in Summonings
    70 | D:1      | Slain by a jackal

Illustrated notes

Levels and vault maps discovered:
D:1:      amcnicky_arrival_blooded_trapdoor, layout_basic

Skill      XL: |  1 |
---------------+----+-----
Summonings     | 1 |  1.0
Dodging        | |  1.8
Stealth        | |  1.4
Spellcasting   | |  3.6
Conjurations   | |  0.9
Translocations | |  0.9

Action                   || total
-------------------------++-------
Melee: Dagger            ||    27
 Cast: Magic Dart        ||     5
 Stab: Sleeping          ||     1
Armor: Robe              ||    12
Dodge: Dodged            ||    19

Table legend: (Time is in decaauts)
 A = Elapsed time spent in this place.
 B = Non-inter-level travel time spent in this place.
 C = Inter-level travel time spent in this place.
 D = Time resting spent in this place.
 E = Time spent auto-exploring this place.
 F = Levels seen in this place.
 G = Mean time per level.
                   A        B        C        D        E       F      G
               +--------+--------+--------+--------+--------+-----+--------+
         Total |     70 |     70 |      0 |      0 |     11 |   1 |   70.0 |
       Dungeon |     70 |     70 |      0 |      0 |     11 |   1 |   70.0 |
               +--------+--------+--------+--------+--------+-----+--------+

Top non-repeatable levels by time:
     D:1: 70 daAuts
